 Dungeon Crawl Stone Soup version 0.30-a0-881-g1ff12e1e11 (webtiles) character file.

Game seed: 9030782617269926721

3355 NinjaNoafa the Zephyrmancer (level 9, -2/62 HPs)
             Began as a Black Draconian Air Elementalist on Mar 14, 2023.
             Was a Follower of Vehumet.
             Killed from afar by Maurice (17 damage)
             ... with an iceblast
             ... on level 8 of the Dungeon.
             The game lasted 00:19:51 (5776 turns).

NinjaNoafa the Zephyrmancer (DrAE)                  Turns: 5776, Time: 00:19:52

Health: -2/62      AC:  9    Str: 11    XL:     9   Next: 73%
Magic:  17/22      EV: 12    Int: 20    God:    Vehumet [*.....]
Gold:   441        SH:  0    Dex: 11    Spells: 13/27 levels left

rFire   . . .      SeeInvis .    a - +7 Throatcutter {drain, coup de grace}
rCold   . . .      Faith    .    (no shield)
rNeg    . . .      Spirit   .    (body armour unavailable)
rPois   .          Reflect  .    (helmet restricted)
rElec   +          Rampage  .    g - +0 cloak
rCorr   .                        (no gloves)
Will    +....                    d - +0 pair of boots
Stlth   ++                       C - amulet of regeneration
HPRegen 1.10/turn                t - ring of willpower
MPRegen 0.18/turn                (no ring)

@: swift, short of breath, quick
A: breathe lightning, AC +7, unfitting armour, electricity resistance,
cold-blooded
a: Breathe Lightning, Renounce Religion


You were on level 8 of the Dungeon.
You worshipped Vehumet.
Vehumet was aware of your devotion.
You visited 2 branches of the dungeon, and saw 9 of its levels.

You collected 441 gold pieces.

Inventory:

Hand Weapons
 a - the +7 Throatcutter (weapon) {drain, coup de grace}
   (You took it off Terence on level 2 of the Dungeon)
Missiles
 e - 8 poisoned darts
 x - a throwing net
Armour
 d - a +0 pair of boots (worn)
 g - a +0 cloak (worn)
Magical Staves
 b - a staff of conjuration
Jewellery
 t - a ring of willpower (left hand)
 C - an amulet of regeneration (around neck)
Wands
 D - a wand of digging (4)
Scrolls
 c - 7 scrolls of identify {unknown}
 f - a scroll of brand weapon {unknown}
 j - a scroll of teleportation {unknown}
 l - a scroll of magic mapping {unknown}
 m - 2 scrolls of silence {unknown}
 p - 2 scrolls of blinking {unknown}
 r - 3 scrolls of noise {unknown}
 u - 3 scrolls of amnesia {unknown}
 w - a scroll of fear {unknown}
 y - a scroll of fog {unknown}
 A - a scroll of immolation {unknown}
 B - 2 scrolls of enchant weapon {unknown}
 F - a scroll of torment {unknown}
Potions
 h - a potion of berserk rage {unknown}
 i - a potion of haste
 k - a potion of attraction {unknown}
 n - a potion of lignification {unknown}
 o - 4 potions of heal wounds {unknown}
 q - 2 potions of curing
 s - 2 potions of brilliance
 v - a potion of might {unknown}
 z - 2 potions of flight {unknown}
 E - a potion of cancellation {unknown}


   Skills:
 - Level 1.7 Dodging
 - Level 1.7 Stealth
 + Level 9.6 Spellcasting
 - Level 5.0 Conjurations
 + Level 1.5 Translocations
 - Level 10.0 Air Magic


You had 13 spell levels left.
You knew the following spells:

 Your Spells              Type           Power      Damage    Failure   Level
a - Shock                 Conj/Air       100%       1d9       1%          1
b - Static Discharge      Conj/Air       78%        2-6/arc   1%          2
c - Swiftness             Air            49%        N/A       1%          3
d - Airstrike             Air            24%        2d(4-20)  1%          4
e - Blink                 Tloc           30%        N/A       6%          2
f - Momentum Strike       Conj/Tloc      44%        3d9       2%          2

Your spell library contained the following spells:

 Spells                   Type           Power      Damage    Failure   Level
 Freeze                   Ice            36%        1d5       8%          1
 Lesser Beckoning         Tloc           30%        N/A       6%          2
 Portal Projectile        Hex/Tloc       24%        N/A       16%         3
 Tukima's Dance           Hex            9%         N/A       22%         3
 Blade Hands              Tmut           4%         N/A       90%         5


Dungeon Overview and Level Annotations

Branches:
Dungeon (8/15)             Temple (1/1) D:5            Lair (0/5) D:8

Altars:
Ashenzari
Cheibriados
Dithmenos
Elyvilon
Gozag
Hepliaklqana
Kikubaaqudgha
Makhleb
Okawaru
Ru
Trog
Uskayaw
Vehumet
Wu Jian
Xom
Zin

Annotations:
D:8 Maurice


Innate Abilities, Weirdness & Mutations

You can breathe wild blasts of lightning.
Your glossy black scales are hard. (AC +7)
You cannot fit into any form of body armour.
You are resistant to electric shocks. (rElec)
You are cold-blooded and may be slowed by cold attacks.


Message History

* * * LOW HITPOINT WARNING * * *
Casting: Static Discharge (safe; 1% risk of failure)
Confirm with . or Enter, or press ? or * to list all spells.
You feel quick.
You feel very sick.
The killer bee stings you but does no damage. x2
The killer bee stings you.
* * * LOW HITPOINT WARNING * * *
The warg bites you but does no damage. The killer bee closely misses you.
The killer bee barely misses you. The killer bee closely misses you.
The orc priest hits the plant with a +0 club.
The orc priest looks satisfied for a moment.
The orc hits the plant with a +0 hand axe!
You feel very sick.
You feel better. The killer bee stings you.
* * * LOW HITPOINT WARNING * * *
The killer bee closely misses you. The killer bee misses you.
The killer bee stings you.
* * * LOW HITPOINT WARNING * * *
The killer bee attacks as you move away!
The killer bee stings you.
* * * LOW HITPOINT WARNING * * *
The orc priest casts a cantrip, but nothing happens.
Maurice the Thief comes into view.
He is wielding a +0 dagger and carrying a wand of iceblast (10).
The killer bee stings you but does no damage.
Unknown command.
Unknown command.
Maurice shouts!
You hear a shout!
The killer bee stings you!
* * * LOW HITPOINT WARNING * * *
Maurice mumbles some strange words.
Maurice puts on a burst of speed!
The warg stops to sniff the ground.
You feel better. The killer bee barely misses you.
The killer bee stings you but does no damage.
The killer bee misses you. The killer bee barely misses you.
The killer bee stings you but does no damage.
The killer bee closely misses you.
Maurice zaps a wand.
The mass of ice explodes!
The iceblast engulfs you!
You die...

## ##.... #.. #......
##.>###....... ...
....#..o..... ...
####.#o...o..>.
..##.##..yo†..o...
##.#.....hh#y.P....
###.......yyy##...... ..#.
#.#....#...@.####....
....##......###....#......
....#.................. ..
..#..........#....##.... .
.## ##.....####.........
..#. #.........#...#...(
....##...........@.# ...
....#............#... .
...##....<......##....


You could see Maurice (swift), 2 wargs, an orc warrior, 4 killer bees, an orc
priest and an orc wizard.

Vanquished Creatures
  Grinder (D:3)
  Sigmund (D:2)
  Eustachio (D:4)
  Edmund (D:4)
  Duvessa (D:4)
  A water moccasin (D:4)
  A sky beast (D:7)
  A black bear (D:6)
  3 ogres
  A centaur (D:6)
  2 phantoms
  A gnoll sergeant (D:5)
  2 scorpions
  Dowan (D:4)
  6 wights
  11 killer bees
  A howler monkey (D:7)
  4 hounds
  2 jellies
  A gnoll bouda (D:6)
  3 iguanas
  8 orc wizards
  Terence (D:2)
  14 gnolls
  9 adders
  A white imp (D:7)
  An ufetubus (D:5)
  A dart slug (D:3)
  18 orcs
  6 ball pythons
  8 endoplasms
  3 giant cockroaches
  8 hobgoblins
  10 kobolds
  2 quokkas (D:4)
  4 bats
  3 frilled lizards
  4 goblins
  4 rats
151 creatures vanquished.

Vanquished Creatures (others)
  A plant (D:8)
1 creature vanquished.

Grand Total: 152 creatures vanquished

Notes
Turn   | Place    | Note
-------+----------+-------------------------------------------
     0 | D:1      | NinjaNoafa the Draconian Air Elementalist began the quest
                  | for the Orb.
     0 | D:1      | Reached XP level 1. HP: 14/14 MP: 3/3
   436 | D:1      | Reached XP level 2. HP: 20/20 MP: 3/5
   978 | D:2      | Reached XP level 3. HP: 16/26 MP: 2/7
  1091 | D:2      | Noticed Sigmund
  1099 | D:2      | Learned a level 2 spell: Static Discharge
  1354 | D:2      | Noticed Terence
  1363 | D:2      | Killed Terence
  1364 | D:2      | Reached XP level 4. HP: 20/33 MP: 1/8
  1583 | D:2      | Killed Sigmund
  1584 | D:2      | Reached skill level 5 in Spellcasting
  1584 | D:2      | Reached XP level 5. HP: 31/38 MP: 7/12
  1694 | D:3      | Learned a level 3 spell: Swiftness
  1703 | D:3      | Reached XP level 6. HP: 28/45 MP: 8/13
  2078 | D:3      | Found an ancient bone altar of Kikubaaqudgha.
  2112 | D:3      | Noticed Grinder
  2125 | D:3      | Paralysed by Grinder for 3 turns
  2131 | D:3      | Killed Grinder
  2166 | D:3      | Found a faded altar of an unknown god.
  2423 | D:4      | Your scales start taking on a glossy black colour.
  2423 | D:4      | Reached skill level 4 in Air Magic
  2423 | D:4      | Reached XP level 7. HP: 38/50 MP: 5/15
  2423 | D:4      | Gained mutation: You are resistant to electric shocks.
                  | (rElec) [Black Draconian growth]
  2427 | D:4      | Reached skill level 5 in Air Magic
  2428 | D:4      | Noticed Dowan
  2550 | D:4      | Noticed Edmund
  2560 | D:3      | Learned a level 4 spell: Airstrike
  2570 | D:4      | Killed Edmund
  2571 | D:4      | Reached skill level 6 in Air Magic
  2864 | D:4      | Noticed Duvessa
  2865 | D:4      | Reached skill level 7 in Air Magic
  2878 | D:4      | Killed Dowan
  2879 | D:4      | Killed Duvessa
  2880 | D:4      | Reached skill level 8 in Air Magic
  2880 | D:4      | Reached XP level 8. HP: 21/57 MP: 0/16
  3096 | D:5      | Entered Level 5 of the Dungeon
  3124 | D:5      | Noticed Eustachio
  3138 | D:4      | Killed Eustachio
  3177 | D:5      | Found a hazy altar of Hepliaklqana.
  3295 | D:5      | Reached skill level 5 in Conjurations
  3296 | D:5      | Reached skill level 9 in Air Magic
  3452 | D:5      | Found a staircase to the Ecumenical Temple.
  3482 | Temple   | Entered the Ecumenical Temple
  3624 | Temple   | Became a worshipper of Vehumet
  3897 | D:6      | Reached XP level 9. HP: 54/62 MP: 14/19
  4145 | D:6      | Reached skill level 10 in Air Magic
  4262 | D:6      | Identified the +0 leather armour of the Arcane {Int+3}
  4411 | D:6      | Reached * piety under Vehumet
  4411 | D:6      | Offered knowledge of Freeze by Vehumet.
  4686 | D:7      | Found a hide-covered altar of Uskayaw.
  4879 | D:7      | Found a burning altar of Makhleb.
  4883 | D:7      | Noticed a green death
  5608 | D:7      | Learned a level 2 spell: Momentum Strike
  5611 | D:7      | Learned a level 2 spell: Blink
  5626 | D:8      | Reached skill level 1 in Translocations
  5766 | D:8      | Found a staircase to the Lair.
  5774 | D:8      | Noticed Maurice
  5776 | D:8      | Killed from afar by Maurice

Illustrated notes

Levels and vault maps discovered:
D:1:      dpeg_arrival_ternary, layout_basic
D:2:      minmay_evil_eye, layout_loops_ring, due_unseen_surprise, uniq_sigmund,
          uniq_terence, uniq_crazy_yiuf_cottage
D:3:      minmay_spotlight, layout_basic, nicolae_kikubaaqudgha_miasma_corner,
          hellmonk_ecumenical_altar_inner_sanctum, kennysheep_generic_room_9,
          uniq_grinder
D:4:      layout_loops_cross, uniq_edmund, uniq_duvessa
D:5:      layout_cave_pools, old_standard_altar,
          minmay_temple_entry_stoned_glass, uniq_eustachio
D:6:      layout_basic
D:7:      layout_basic, makhleb_altar_promises_db, nicolae_uskayaw_suspiria
D:8:      layout_cave_pools, erik_lair_orcish_takeover, uniq_maurice,
          uniq_gastronok
Temple:   chequers_temple_sunken

Skill      XL: |  1  2  3  4  5  6  7  8  9 |
---------------+----------------------------+-----
Conjurations   | 2 3 4 5 |  5.0
Spellcasting   | 3 5 7 9 |  9.6
Air Magic      | 4 8 9 10 | 10.0
Translocations | 1 |  1.5
Dodging        | |  1.7
Stealth        | |  1.7

Action                     |  1- 3 |  4- 6 |  7- 9 || total
---------------------------+-------+-------+-------++-------
  Melee: Unarmed           |    13 |       |       ||    13
         Short sword       |    17 |       |       ||    17
         Tailslap          |     2 |     1 |     2 ||     5
         Long sword        |       |    25 |    63 ||    88
         Punch             |       |       |     1 ||     1
   Cast: Shock             |    55 |    15 |    18 ||    88
         Static Discharge  |     4 |    17 |    67 ||    88
         Swiftness         |       |     2 |     4 ||     6
         Airstrike         |       |       |    16 ||    16
         Momentum Strike   |       |       |     1 ||     1
Ability: Breathe Lightning |       |       |    28 ||    28
    Use: Potion            |     1 |       |     6 ||     7
   Stab: Sleeping          |     1 |     1 |       ||     2
 Armour: Skin              |    26 |    13 |    74 ||   113
  Dodge: Dodged            |    31 |    23 |   140 ||   194

Table legend: (Time is in decaauts)
 A = Elapsed time spent in this place.
 B = Non-inter-level travel time spent in this place.
 C = Inter-level travel time spent in this place.
 D = Time resting spent in this place.
 E = Time spent auto-exploring this place.
 F = Levels seen in this place.
 G = Mean time per level.
                   A        B        C        D        E       F      G
               +--------+--------+--------+--------+--------+-----+--------+
         Total |   5837 |   5261 |    576 |     50 |   3761 |   9 |  648.6 |
       Dungeon |   5627 |   5090 |    537 |     50 |   3601 |   8 |  703.4 |
        Temple |    210 |    172 |     38 |      0 |    160 |   1 |  210.0 |
               +--------+--------+--------+--------+--------+-----+--------+

Top non-repeatable levels by time:
     D:7: 1079 daAuts
     D:2: 985 daAuts
     D:3: 815 daAuts
     D:4: 735 daAuts
     D:6: 721 daAuts
     D:1: 625 daAuts
     D:5: 601 daAuts
  Temple: 210 daAuts
     D:8: 63 daAuts
